Map: 锈化山巅-天梯版

Players

TIME (Oliveira)

  • Race: Terran Terran
  • League: Grandmaster

cyan - Winner!

  • Race: Protoss Protoss
  • League: Grandmaster

Event: DreamHack SC2 Masters 2021 Winter

VOD

Have the link to the VOD?

Description

Time

  • Played on: Oct. 10, 2021, 9:13 a.m.
  • Length: 9:40

All games in this series

Show
View Real Time Build Order
Export as new Build Order

TIME Terran 

Build Orders:  

Get SALT Encoding   

  12  0:00  SCV  
  13  0:12  SCV  
  14  0:17  Supply Depot  
  14  0:24  SCV  
  15  0:39  SCV  
  15  0:41  Barracks  
  16  0:44  Refinery  
  16  0:51  SCV  
  17  1:03  SCV  
  18  1:15  SCV  
  19  1:28  Marine, Orbital Command  
  20  1:41  Command Center  
  20  1:46  Barracks Reactor  
  20  1:54  SCV  
  20  1:55  Supply Depot  
  21  2:06  SCV  
  22  2:11  Factory  
  22  2:18  SCV  
  23  2:22  Marine  
  23  2:23  Marine  
  23  2:25  Refinery  
  25  2:30  SCV, Bunker  
  26  2:40  Marine x2  
  26  2:42  SCV  
  29  2:53  Orbital Command  
  29  2:57  Starport, SCV  
  30  2:58  Orbital Command  
  30  3:03  Hellion  
  32  3:06  Marine  
  32  3:07  Marine  
  34  3:21  SCV  
  34  3:24  Widow Mine  
  34  3:25  SCV  
  38  3:28  Supply Depot  
  38  3:29  Marine x2  
  38  3:33  Medivac  
  42  3:35  SCV  
  42  3:38  SCV  
  42  3:46  Factory Tech Lab  
  42  3:48  SCV, Marine  
  42  3:49  Marine  
  42  3:51  SCV  
  46  3:56  Supply Depot  
  46  4:00  SCV  
  47  4:03  SCV  
  47  4:08  Marine  
  47  4:09  Barracks  
  46  4:10  Factory Tech Lab, Barracks  
  46  4:13  Viking  
  46  4:16  SCV  
  44  4:19  Marine  
  44  4:23  SCV  
  41  4:32  SCV  
  41  4:36  Engineering Bay  
  41  4:39  Marine x2  
  41  4:42  SCV  
  42  4:47  SCV  
  41  4:54  SCV  
  41  4:57  Marine  
  41  4:59  SCV  
  44  5:02  Marine  
  44  5:03  Terran Infantry Weapons Level 1  
  44  5:06  SCV  
  46  5:07  Stimpack, Combat Shield, Marine  
  46  5:09  Marine  
  46  5:12  SCV  
  46  5:13  Factory Reactor, Starport Reactor  
  49  5:17  Marine  
  49  5:18  SCV  
  49  5:20  Marine  
  52  5:24  SCV  
  52  5:25  Supply Depot, Marine  
  52  5:27  Marine  
  55  5:32  SCV  
  55  5:34  Marine  
  57  5:38  Marine  
  57  5:41  SCV  
  57  5:43  Marine  
  57  5:44  SCV  
  57  5:45  Marine  
  56  5:52  Widow Mine x2, Marine  
  56  5:53  SCV  
  56  5:56  SCV, Marine  
  61  5:58  Medivac x2  
  61  6:02  Supply Depot  
  61  6:03  Marauder  
  67  6:04  Marauder  
  67  6:06  SCV  
  70  6:11  Missile Turret  
  70  6:17  Missile Turret  
  70  6:22  Supply Depot  
  70  6:23  SCV, Marine x2  
  70  6:24  SCV  
  76  6:25  Marauder  
  76  6:30  Widow Mine  
  78  6:39  Supply Depot  
  78  6:43  Medivac x2, Marine  
  78  6:44  Widow Mine, SCV  
  86  6:48  SCV  
  86  6:54  Supply Depot  
  86  6:55  Marine  
  86  6:56  SCV  
  76  7:04  Marine x2  
  76  7:05  Marauder  
  74  7:09  Widow Mine  
  74  7:10  Command Center  
  74  7:15  Marine  
  71  7:16  SCV x2  
  71  7:22  Marauder, Marine  
  71  7:23  Widow Mine  
  71  7:28  Terran Infantry Armor Level 1  
  72  7:32  Marine, Barracks  
  72  7:34  Barracks  
  72  7:35  Marine  
  72  7:37  SCV x2  
  76  7:42  Refinery x2, Marine  
  79  7:44  Marauder  
  79  7:46  Widow Mine  
  79  7:47  Widow Mine  
  79  7:49  SCV x2  
  79  7:50  Marine  
  79  7:51  Concussive Shells  
  86  7:53  Marine  
  87  7:59  Supply Depot  
  87  8:01  SCV  
  87  8:03  Marine  
  87  8:05  SCV  
  92  8:11  Marauder, Marine  
  93  8:13  SCV  
  93  8:15  Medivac x2  
  93  8:18  Marine x2  
  100  8:22  Orbital Command  
  100  8:23  Siege Tank  
  100  8:24  Marine  
  100  8:26  Barracks Tech Lab  
  104  8:27  Barracks Tech Lab  
  104  8:29  SCV x2  
  104  8:32  Supply Depot, Marine  
  107  8:37  Marine x2  
  107  8:38  Marauder  
  107  8:41  SCV  
  112  8:47  Viking  
  112  8:48  Viking  
  116  8:49  Orbital Command  
  116  8:51  SCV  
  116  8:52  Marine  
  116  8:54  Marauder x2  
  122  8:58  SCV  
  123  9:03  SCV  
  123  9:07  Siege Tank  
  123  9:08  Supply Depot  
  123  9:09  Marauder  
Show
View Real Time Build Order
Export as new Build Order

cyan Protoss - Winner!

Build Orders: 1 Gate Expand, Oracle Opening, Phoenix Opening 

Get SALT Encoding   

  12  0:00  Probe  
  13  0:12  Probe  
  14  0:17  Pylon  
  14  0:24  Probe (Chrono Boost)  
  15  0:36  Probe (Chrono Boost)  
  15  0:37  Gateway  
  16  0:44  Probe (Chrono Boost)  
  16  0:46  Assimilator  
  17  0:50  Probe  
  18  1:03  Probe  
  19  1:15  Probe  
  20  1:25  Cybernetics Core  
  20  1:32  Nexus  
  20  1:35  Probe  
  21  1:43  Pylon  
  21  1:47  Probe  
  21  1:53  Assimilator  
  22  1:59  Adept (Chrono Boost), Probe  
  25  2:11  Probe  
  26  2:20  Stargate  
  26  2:21  Adept (Chrono Boost)  
  26  2:26  Probe  
  29  2:36  Warp Gate  
  29  2:39  Probe (Chrono Boost)  
  30  2:44  Adept, Probe (Chrono Boost)  
  34  2:55  Probe x2 (Chrono Boost)  
  35  3:00  Probe (Chrono Boost)  
  35  3:02  Probe  
  35  3:04  Pylon  
  37  3:06  Oracle (Chrono Boost)  
  37  3:12  Probe  
  41  3:14  Probe  
  42  3:23  Gateway  
  42  3:24  Probe  
  42  3:26  Gateway, Probe  
  44  3:36  Probe  
  44  3:39  Phoenix (Chrono Boost), Probe  
  48  3:46  Pylon  
  48  3:48  Probe  
  49  3:51  Probe  
  50  3:58  Phoenix  
  50  4:00  Probe  
  53  4:09  Nexus  
  53  4:10  Probe  
  53  4:13  Probe  
  55  4:22  Probe  
  56  4:25  Probe  
  56  4:28  Twilight Council  
  56  4:29  Forge  
  57  4:34  Assimilator, Probe  
  57  4:36  Pylon  
  57  4:37  Probe  
  57  4:38  Phoenix  
  61  4:40  Assimilator  
  61  4:46  Probe  
  61  4:52  Pylon  
  62  4:54  Probe  
  62  4:57  Protoss Ground Armor Level 1 (Chrono Boost)  
  62  4:58  Probe  
  64  5:00  Pylon  
  64  5:03  Adept x3  
  70  5:07  Charge (Chrono Boost)  
  70  5:10  Probe  
  71  5:14  Probe  
  71  5:16  Phoenix  
  71  5:21  Probe  
  75  5:22  Probe  
  75  5:24  Gateway  
  75  5:26  Probe  
  75  5:27  Gateway  
  77  5:33  Probe, Sentry  
  77  5:35  Gateway, Probe  
  81  5:38  Probe  
  76  5:45  Probe  
  76  5:46  Phoenix  
  76  5:47  Probe  
  74  5:50  Probe  
  73  5:57  Probe  
  73  5:58  Zealot x3  
  73  5:59  Probe  
  73  6:03  Gateway x2, Probe  
  82  6:09  Shield Battery  
  83  6:11  Assimilator, Probe  
  83  6:13  Phoenix  
  83  6:15  Assimilator  
  85  6:19  Photon Cannon  
  85  6:21  Shield Battery  
  85  6:24  Zealot, Pylon  
  87  6:27  Zealot  
  87  6:28  Zealot  
  87  6:31  Zealot  
  93  6:37  Templar Archives  
  93  6:38  Zealot x2  
  97  6:43  Probe x2  
  99  6:48  Zealot x3  
  99  6:51  Zealot  
  105  6:59  Zealot x3  
  107  7:03  Pylon x2  
  107  7:08  Phoenix  
  107  7:22  Zealot x7  
  121  7:23  Protoss Ground Armor Level 2 (Chrono Boost)  
  121  7:24  Probe x2  
  123  7:35  Nexus  
  123  7:37  Pylon  
  123  7:41  Phoenix  
  125  7:47  Photon Cannon  
  125  7:49  Pylon  
  125  7:50  Pylon  
  125  7:53  Pylon  
  125  7:58  High Templar x4  
  133  8:02  Archon  
  133  8:03  Archon, Pylon  
  133  8:04  Shield Battery  
  133  8:05  Pylon  
  133  8:08  Pylon  
  133  8:09  High Templar x2  
  133  8:10  High Templar  
  133  8:11  Phoenix, High Templar  
  141  8:15  Archon x2  
  143  8:21  Gateway, Shield Battery  
  143  8:23  Gateway  
  143  8:28  Phoenix, Forge  
  143  8:29  Robotics Facility  
  143  8:39  High Templar x2  
  149  8:43  Photon Cannon, Archon  
  149  8:45  Zealot  
  151  8:49  Zealot x2  
  151  8:51  Probe x2  
  151  8:52  Probe  
  151  8:53  Probe  
  159  8:57  High Templar  
  159  8:58  Zealot, High Templar  
  159  9:02  Archon  
  163  9:09  Probe  
  164  9:10  Phoenix  
  143  9:27  Zealot x8  

Tags
 
Add a new tag
Caveats
  • Supply blocks, unpowered buildings, or Contaminate may cause inaccurate times.
  • Supply counts are checked every 10 seconds.